 Dungeon Crawl Stone Soup version 0.29.1-15-g9cfb28693d (webtiles) character file.

Game seed: 10462434156200350176

12 Hugehornet the Digger (level 2, 0/20 HPs)
             Began as a Demigod Earth Elementalist on Mar 30, 2023.
             Slain by a hobgoblin (1 damage)
             ... on level 1 of the Dungeon.
             The game lasted 00:01:31 (319 turns).

Hugehornet the Digger (Demigod Earth Elementalist)   Turns: 319, Time: 00:01:32

Health: 0/20       AC:  2    Str:  9    XL:     2   Next: 9%
Magic:  0/7        EV: 12    Int: 17    God:
Gold:   33         SH:  0    Dex: 14    Spells: 3/4 levels left

rFire   . . .      SeeInvis .   (no weapon)
rCold   . . .      Faith    .   (no shield)
rNeg    . . .      Spirit   .   a - +0 robe
rPois   .          Reflect  .   (no helmet)
rElec   .          Harm     .   (no cloak)
rCorr   .          Rampage  .   (no gloves)
Will    .....                   (no boots)
Stlth   ++........              (no amulet)
HPRegen 0.06/turn               (no ring)
MPRegen 0.10/turn               (no ring)

@: no status effects
A: high MP 1, forlorn, divine attributes
a: no special abilities


You were on level 1 of the Dungeon.
You visited 1 branch of the dungeon, and saw 1 of its levels.

You collected 33 gold pieces.

Inventory:

Armour
 a - a +0 robe (worn)
Scrolls
 c - 3 scrolls of teleportation {unknown}
Potions
 b - a potion of magic


   Skills:
 + Level 0.3 Fighting
 + Level 1.9 Dodging
 - Level 1.7 Stealth
 + Level 1.8 Spellcasting
 * Level 1.3 Transmutations
 * Level 2.9 Earth Magic


You had 3 spell levels left.
You knew the following spells:

 Your Spells              Type           Power      Damage    Failure   Level
a - Sandblast             Erth           22%        2d7       6%          1

Your spell library contained the following spells:

 Spells                   Type           Power      Damage    Failure   Level
 Passwall                 Tmut/Erth      6%         N/A       12%         2
 Stone Arrow              Conj/Erth      12%        3d7       32%         3
 Petrify                  Tmut/Erth      8%         N/A       63%         4
 Anguish                  Hex/Necr       0%         N/A       89%         4
 Enfeeble                 Hex            0%         N/A       100%        7


Dungeon Overview and Level Annotations

Branches:
Dungeon (1/15)


Innate Abilities, Weirdness & Mutations

You have an increased reservoir of magic. (+10% MP)
You shall have no god before yourself.
Your divine heritage dramatically boosts your attributes as you level up.


Message History

You closely miss the bat. The bat hits you but does no damage.
The bat closely misses you.
You hit the bat but do no damage. The bat barely misses you.
You miss the bat. The bat misses you.
You hit the bat.
The bat is heavily wounded.
The bat hits you but does no damage. x2
You closely miss the bat.
The bat is heavily wounded.
The bat closely misses you. x2
You completely miss the bat.
The bat is heavily wounded.
The bat misses you.
You hit the bat but do no damage.
The bat is heavily wounded.
The bat hits you but does no damage.
You hit the bat. You punch the bat.
You kill the bat!
You closely miss the hobgoblin. The hobgoblin closely misses you.
Casting: Sandblast (safe; 6% risk of failure)
Confirm with . or Enter, or press ? or * to list all spells.
Aiming: Sandblast (safe; 6% risk of failure)
Press: ? - help, Shift-Dir - straight line, f/p - hobgoblin
Aim: a hobgoblin, wearing a +0 chain mail (87% to hit)
The blast of sand hits the hobgoblin but does no damage.
The hobgoblin barely misses you. The hobgoblin hits you.
* * * LOW HITPOINT WARNING * * *
Casting: Sandblast (safe; 6% risk of failure)
Confirm with . or Enter, or press ? or * to list all spells.
Aiming: Sandblast (safe; 6% risk of failure)
Press: ? - help, Shift-Dir - straight line, f/p - hobgoblin
Aim: a hobgoblin, wearing a +0 chain mail (87% to hit)
The blast of sand hits the hobgoblin but does no damage.
The hobgoblin closely misses you.
You hit the hobgoblin but do no damage. The hobgoblin closely misses you.
You hit the hobgoblin but do no damage. The hobgoblin misses you.
You barely miss the hobgoblin. The hobgoblin hits you.
* * * LOW HITPOINT WARNING * * *
You hit the hobgoblin but do no damage. The hobgoblin hits you.
You die...

##'# ....... #.# ###......
##.## #.......# #...#
#.......# #...# #.......#
##...## #.......#
####..8..####
#.......#####...........##
#.....K.#.Kg@...8.<.8.....+.#
#.........###...........###.
#####.....######..8..######.#
#####...## ##...## #...
###..# #...# #.## ##.# #...#
#.#. #.#####.## #...
#....##.# #..#
####.##+#######..#


You could see a hobgoblin and a kobold.

Vanquished Creatures
  2 ball pythons (D:1)
  A bat (D:1)
  2 giant cockroaches (D:1)
  A goblin (D:1)
  2 hobgoblins (D:1)
  A kobold (D:1)
9 creatures vanquished.

Notes
Turn   | Place    | Note
-------+----------+-------------------------------------------
     0 | D:1      | Hugehornet the Demigod Earth Elementalist began the quest
                  | for the Orb.
     0 | D:1      | Reached XP level 1. HP: 14/14 MP: 5/5
    27 | D:1      | Reached skill level 1 in Transmutations
   287 | D:1      | Reached XP level 2. HP: 20/20 MP: 5/7
   318 | D:1      | HP: 1/20 [hobgoblin (3)]
   319 | D:1      | Slain by a hobgoblin

Illustrated notes

Levels and vault maps discovered:
D:1:      evilmike_arrival_plus, layout_basic, ebering_ecumenical_altar_rust

Skill      XL: |  1 |
---------------+----+-----
Transmutations | 1 |  1.3
Fighting       | |  0.3
Dodging        | |  1.9
Stealth        | |  1.7
Spellcasting   | |  1.8
Earth Magic    | |  2.9

Action                   || total
-------------------------++-------
Melee: Unarmed           ||    26
       Punch             ||     1
 Cast: Sandblast         ||    21
Armor: Robe              ||    16
Dodge: Dodged            ||    45
